 Dungeon Crawl Stone Soup version 0.24.0-13-gcf9b319 (webtiles) character file.

Game seed: 8552441846372474718, levelgen mode: deterministic

1297 Balder the Chopper (level 8, -3/61 HPs)
             Began as a Demonspawn Fighter on Dec 27, 2019.
             Was an Initiate of Trog.
             Shot with an arrow by a centaur (7 damage)
             ... on level 6 of the Dungeon.
             The game lasted 00:28:06 (6497 turns).

Balder the Chopper (Demonspawn Fighter)             Turns: 6497, Time: 00:28:07

Health: -3/61      AC: 11    Str: 19    XL:     8   Next: 31%
Magic:  8/8        EV:  5    Int:  9    God:    Trog [......]
Gold:   210        SH:  9    Dex: 13    Spells: 7/7 levels left

rFire    . . .     SeeInvis .   a - +0 war axe
rCold    + . .     Gourm    .   c - +0 shield
rNeg     . . .     Faith    .   p - +0 chain mail
rPois    .         Spirit   .   (helmet restricted)
rElec    .         Reflect  .   x - +0 cloak
rCorr    .         Harm     .   w - +0 pair of gloves
MR       .....                  (no boots)
Stlth    ..........             (no amulet)
HPRegen  0.20/turn              (no ring)
MPRegen  0.11/turn              (no ring)

@: slowed, very slow
A: antennae 2, claws 1, talons 1, cold resistance 1, demonic guardian 1
a: Renounce Religion


You were on level 6 of the Dungeon.
You worshipped Trog.
Trog was noncommittal.
You were not hungry.

You visited 2 branches of the dungeon, and saw 7 of its levels.

You collected 210 gold pieces.

Inventory:

Hand Weapons
 a - a +0 war axe (weapon)
 b - a +2 dagger of venom
 g - a +0 morningstar
 i - a +1 vampiric dagger
Missiles
 v - 2 boomerangs
 y - 13 poisoned darts (quivered)
Armour
 c - a +0 shield (worn)
 p - a +0 chain mail (worn)
 w - a +0 pair of gloves (worn)
 x - a +0 cloak (worn)
 B - a scarf of cloud immunity
Jewellery
 e - an uncursed ring of fire
Wands
 t - a wand of disintegration (9)
Scrolls
 h - 4 scrolls of teleportation {unknown}
 j - 3 scrolls of identify
 k - 4 scrolls of enchant armour {unknown}
 n - 2 scrolls of amnesia {unknown}
 q - a scroll of fear {unknown}
 r - 2 scrolls of blinking {unknown}
 u - a scroll of remove curse {unknown}
Potions
 d - 2 potions of might
 l - a potion of mutation {unknown}
 m - a potion of agility {unknown}
 o - 2 potions of lignification {unknown}
 s - a potion of curing
 z - a potion of magic {unknown}
Comestibles
 f - 10 rations


   Skills:
 * Level 4.6 Fighting
 * Level 5.4(5.7) Axes
 * Level 2.6(4.4) Maces & Flails
 + Level 0.5 Throwing
 * Level 4.1 Armour
 + Level 0.8 Dodging
 * Level 3.5 Stealth
 * Level 4.4 Shields


You had 7 spell levels left.
You didn't know any spells.
Your spell library was empty.

Dungeon Overview and Level Annotations

Branches:
Dungeon (6/15)             Temple (1/1) D:6

Altars:
Ashenzari
Cheibriados
Dithmenos
Elyvilon
Gozag
Hepliaklqana
Kikubaaqudgha
Sif Muna
Trog
Uskayaw
Vehumet
Wu Jian
Xom
Yredelemnul
Zin
The Shining One


Innate Abilities, Weirdness & Mutations

You have a pair of antennae on your head.
You have sharp fingernails.
You have sharp toenails.
Your flesh is cold resistant. (rC+)
A weak demonic guardian rushes to your aid.


Message History

You see here an arrow.
You feel sick.
Your ufetubus hits the centaur. x2
The centaur unwields a +0 shortbow.
The centaur hits your ufetubus.
The orc throws a curare-tipped dart.
You block the curare-tipped dart.
Your ufetubus hits the centaur but does no damage. x2
The centaur wields a +0 shortbow.
The centaur shoots an arrow.
The arrow hits you.
* * * LOW HITPOINT WARNING * * *
You see here a curare-tipped dart.
You feel better.
Your ufetubus hits the centaur but does no damage.
Your ufetubus barely misses the centaur.
The centaur shoots an arrow.
The arrow barely misses you. The shadow imp gestures at you.
Pain shoots through your body!
* * * LOW HITPOINT WARNING * * *
Your ufetubus closely misses the centaur.
Your ufetubus hits the centaur but does no damage.
The centaur shoots an arrow.
The arrow hits you!
You die...

#.............
#......5c.....
#.............
#........o....
#..<..........
#.......5..(..
#.....(.......
###....((.......
#.......@.......
#####.#####..######.
#.(((.# ##.## #.###)#
#..# #.###(### ##.##
#.#..((.# #..# .#
#.#)....# ##)####.###
#.#.....######[........
#.'..>).'..)......#.###


You could see a centaur, a shadow imp, an orc and a friendly ufetubus.

Vanquished Creatures
  Grinder (D:5)
  2 phantoms
  A centaur (D:6)
  2 bullfrogs (D:6)
  A scorpion (D:4)
  2 howler monkeys (D:4)
  A hound (D:4)
  3 jellies
  An orc priest (D:5)
  2 iguanas (D:6)
  Natasha (D:3)
  6 orc wizards
  2 worker ants (D:4)
  A hound skeleton (D:4)
  7 adders
  An ooze (D:5)
  2 adder skeletons
  2 worms
  2 dart slugs
  3 leopard geckos
  27 orcs
  5 giant cockroaches
  5 goblins
  8 hobgoblins
  11 jackals
  2 quokkas
  2 ball pythons
  11 bats
  7 frilled lizards
  A giant cockroach zombie (D:5)
  9 kobolds
  A quokka skeleton (D:5)
  7 rats
139 creatures vanquished.

Vanquished Creatures (collateral kills)
  2 orc wizards
  2 orc priests (D:3)
  Jessica (D:2)
  Natasha (D:3)
  2 adders (D:2)
  3 orcs
11 creatures vanquished.

Vanquished Creatures (others)
  An orc (D:5)
1 creature vanquished.

Grand Total: 151 creatures vanquished

Notes
Turn   | Place    | Note
-------+----------+-------------------------------------------
     0 | D:1      | Balder the Demonspawn Fighter began the quest for the Orb.
     0 | D:1      | Reached XP level 1. HP: 18/18 MP: 1/1
   260 | D:1      | Gained mutation: A weak demonic guardian rushes to your
                  | aid. [demonic ancestry]
   260 | D:1      | Reached XP level 2. HP: 20/24 MP: 2/2
   610 | D:1      | Reached skill level 1 in Stealth
   832 | D:2      | Reached skill level 2 in Axes
   837 | D:2      | Reached XP level 3. HP: 19/29 MP: 3/3
  1041 | D:2      | Found a shattered altar of Ashenzari.
  1339 | D:2      | Noticed Jessica
  1344 | D:2      | Gained mutation: You have sharp toenails. [demonic
                  | ancestry]
  1344 | D:2      | Reached XP level 4. HP: 35/35 MP: 4/4
  1345 | D:2      | Killed Jessica
  1707 | D:3      | Gained mutation: You have sharp fingernails. [demonic
                  | ancestry]
  1707 | D:3      | Reached XP level 5. HP: 27/41 MP: 5/5
  1710 | D:3      | Reached skill level 3 in Axes
  2207 | D:3      | Noticed Natasha
  2221 | D:3      | Killed Natasha
  2236 | D:3      | Gained mutation: Your flesh is cold resistant. (rC+)
                  | [demonic ancestry]
  2236 | D:3      | Reached XP level 6. HP: 18/47 MP: 6/6
  2519 | D:3      | Noticed Natasha
  2686 | D:3      | Killed Natasha
  2686 | D:3      | Reached skill level 4 in Axes
  3578 | D:4      | Found a glowing silver altar of Zin.
  3904 | D:4      | Gained mutation: You have a pair of small antennae on your
                  | head. [demonic ancestry]
  3904 | D:4      | Reached XP level 7. HP: 36/52 MP: 7/7
  4447 | D:5      | Entered Level 5 of the Dungeon
  4845 | D:5      | Found an opulent altar of Gozag.
  4858 | D:5      | Reached skill level 1 in Maces & Flails
  4911 | D:5      | Noticed Grinder
  4923 | D:5      | Paralysed by Grinder for 3 turns
  4943 | D:5      | Killed Grinder
  5302 | D:5      | Found a shadowy altar of Dithmenos.
  5501 | D:5      | Reached skill level 5 in Axes
  5820 | D:6      | Gained mutation: You have a pair of antennae on your head.
                  | [demonic ancestry]
  5820 | D:6      | Reached XP level 8. HP: 59/61 MP: 8/8
  5976 | D:6      | Found a staircase to the Ecumenical Temple.
  6002 | Temple   | Entered the Ecumenical Temple
  6390 | Temple   | Became a worshipper of Trog the Wrathful
  6497 | D:6      | Shot with an arrow by a centaur

Levels and vault maps discovered:
D:1:      co_arrival_random_square_maze, layout_basic, minmay_pentomino_v2
D:2:      layout_loops_cross, evilmike_ruin_ashenzari, uniq_jessica
D:3:      layout_basic, uniq_natasha
D:4:      layout_basic, zin_statuary, first_ration
D:5:      layout_loops_corners, grunt_dithmenos_smoke, lemuel_round_altar,
          uniq_grinder
D:6:      layout_basic, temple_green
Temple:   nicolae_temple_figure_eight

Skill      XL: |  1  2  3  4  5  6  7 |
---------------+----------------------+-----
Armour         | 3 4 |  4.1
Shields        | 3 4 |  4.4
Stealth        | 1 2 3 |  3.5
Axes           | 2 3 4 5 |  5.4
Maces & Flails | 2 |  2.6
Fighting       | 4 |  4.6
Throwing       | |  0.5
Dodging        | |  0.8

Action                   |  1- 3 |  4- 6 |  7- 9 || total
-------------------------+-------+-------+-------++-------
Melee: War axe           |   119 |   163 |   124 ||   406
       Kick              |       |    43 |    31 ||    74
       Morningstar       |       |       |    28 ||    28
Throw: Dart              |       |       |    15 ||    15
Evoke: Wand              |       |       |     2 ||     2
  Use: Potion            |     1 |       |     2 ||     3
       Scroll            |       |     2 |     1 ||     3
  Eat: Chunk             |     2 |     5 |     7 ||    14
       Ration            |       |     1 |     1 ||     2
Armor: Scale mail        |    70 |    10 |       ||    80
       Chain mail        |       |    51 |    74 ||   125
Dodge: Dodged            |    33 |    47 |    19 ||    99
Block: Shield            |    55 |    78 |    69 ||   202
